 Dungeon Crawl Stone Soup version 0.31-a0-728-g01b46875f1 (webtiles) character file.

Game seed: 15714398278975455129

21 subawu the Changeling (level 2, -1/7 HPs)
             Began as a Draconian Shapeshifter on Sept 11, 2023.
             Slain by a jackal (3 damage)
             ... on level 1 of the Dungeon.
             The game lasted 00:01:24 (266 turns).

subawu the Changeling (Draconian Shapeshifter)       Turns: 266, Time: 00:01:24

Health: -1/7       AC:  4    Str: 16    XL:     2   Next: 65%
Magic:  2/2        EV: 12    Int: 10    God:
Gold:   0          SH:  0    Dex: 10    Spells: 1/1 levels left

rFire   . .          .
                       - Unarmed
rCold   . . .        (shield currently unavailable)
rNeg    . . .        (body armour unavailable)
rPois   .            (helmet restricted)
rElec   .            (no cloak)
rCorr   .            (gloves currently unavailable)
SInv    .            (no boots)
Will    .....        (no amulet)
Stlth   +            (no ring)
HPRegen 0.21/turn    (no ring)
MPRegen 0.08/turn

%: no passive effects
@: blade hands
A: reduced hp, AC +4, unfitting armour, cold-blooded
a: Begin Untransformation


You were on level 1 of the Dungeon.
You had blades for hands.
You visited 1 branch of the dungeon, and saw 1 of its levels.

Inventory:

Hand Weapons
 e - a +0 dagger
 g - a +0 short sword
Talismans
 b - a beast talisman
 c - a flux talisman
 f - a blade talisman (active)
Potions
 a - a potion of lignification
 d - a potion of curing {unknown}


   Skills:
 + Level 1.1 Fighting
 + Level 2.1 Dodging
 + Level 3.2 Unarmed Combat
 + Level 3.4 Shapeshifting


You had one spell level left.
You didn't know any spells.
Your spell library was empty.

Dungeon Overview and Level Annotations

Branches:
Dungeon (1/15)

Altars:


Innate Abilities, Weirdness & Mutations

You have blades for hands.
Your maximum health is decreased, since you lack skill for your form.
You are incapable of wielding weapons or throwing items.
Your plain brown scales are hard. (AC +4)
You cannot fit into any form of body armour.
You are cold-blooded and may be slowed by cold attacks.


Message History

The jackal attacks as it pursues you! The jackal misses you.
You see here a +4 ring of protection.
You hit the jackal but do no damage. The jackal misses you.
A jackal comes into view.
The jackal bites you but does no damage.
You slash the jackal!
You kill the jackal!
You see here a jackal corpse.
The gnoll misses you.
You hit the gnoll.
The gnoll is heavily wounded.
The gnoll misses you.
You barely miss the gnoll.
The gnoll is heavily wounded.
The gnoll barely misses you.
You barely miss the gnoll. Your slash misses the gnoll.
The gnoll is moderately wounded.
The gnoll barely misses you.
You closely miss the gnoll.
The gnoll is moderately wounded.
The gnoll hits you with a +0 spear.
You hit the gnoll.
The gnoll is severely wounded.
The gnoll barely misses you.
The gnoll hits you from afar with a +0 spear.
Ouch! That really hurt!
* * * LOW HITPOINT WARNING * * *
You see here a jackal corpse.
The gnoll barely misses you.
You slash the gnoll!
You kill the gnoll!
You hit the jackal but do no damage.
The jackal bites you but does no damage.
You hit the jackal but do no damage.
You tail-slap the jackal, but do no damage.
The jackal misses you.
You hit the jackal.
Your tail-slap misses the jackal.
The jackal is moderately wounded.
The jackal bites you.
You die...

...# .. ...# ..
#..# .. #..# .. #
... .. #.
#.#######.# ..
#.#..##.#.......#
^.
..$..hh@†=.......
#
###..##.#.#######
+ ... #.#.# # #
#.#.###### .. ..
#........# (. ..#
###.####.# . ...
........# #.# #.#
..#
#.......###.####.#
##.#
........+.....##.#


You could see 2 jackals.

Vanquished Creatures
  A gnoll (D:1)
  A giant cockroach (D:1)
  A goblin (D:1)
  4 hobgoblins (D:1)
  A jackal (D:1)
  A bat (D:1)
  A kobold (D:1)
  A rat (D:1)
11 creatures vanquished.

Notes
Turn   | Place    | Note
-------+----------+-------------------------------------------
     0 | D:1      | subawu the Draconian Shapeshifter began the quest for the
                  | Orb.
     0 | D:1      | Reached XP level 1. HP: 16/16 MP: 1/1
   159 | D:1      | Reached XP level 2. HP: 19/23 MP: 2/2
   266 | D:1      | Slain by a jackal

Illustrated notes

Levels and vault maps discovered:
D:1:      minmay_arrival_four_circles, layout_basic

Skill      XL: |  1 |
---------------+----+-----
Dodging        | 2 |  2.1
Fighting       | |  1.1
Unarmed Combat | |  3.2
Shapeshifting  | |  3.4

Action                     || total
---------------------------++-------
  Melee: Unarmed           ||    34
         Tailslap          ||     5
         Punch             ||     1
 Armour: Skin              ||    17
  Dodge: Dodged            ||    23
   Form: Blade             ||     1

Table legend: (Time is in decaauts)
 A = Elapsed time spent in this place.
 B = Non-inter-level travel time spent in this place.
 C = Inter-level travel time spent in this place.
 D = Time resting spent in this place.
 E = Time spent auto-exploring this place.
 F = Levels seen in this place.
 G = Mean time per level.
                   A        B        C        D        E       F      G
               +--------+--------+--------+--------+--------+-----+--------+
         Total |    264 |    264 |      0 |      0 |    119 |   1 |  264.0 |
       Dungeon |    264 |    264 |      0 |      0 |    119 |   1 |  264.0 |
               +--------+--------+--------+--------+--------+-----+--------+

Top non-repeatable levels by time:
     D:1: 264 daAuts
